AoeStats
← taki英语课睡觉

Fortress

509514422Analyzed
3v3 RM · 6d ago on Sep 27, 2026· 27m 58s· 6 players
Game mode
Random Map
Map size
Large (8 player)
Population
200
Speed
Normal
Resources
Standard
Victory
Conquest
Starting age
Dark Age
Ending age
Imperial Age
RankedLock teamsTeams togetherTeam positionsShared explorationLock speedFull tech treeHidden civsTurbo modeCheats
Victory
Defeat
🇨🇳 Burmese · China
1259
+13
1243
+14
🇭🇰 Turks · Hong Kong SAR China
1229
+14
🇺🇸 Huns · United States
1205
-14
🇺🇸 Italians · United States
1199
-14
🇺🇸 Shu · United States
1182
-13
Soyo不用學英文
7:24 Feudal Age
11:09 Castle Age
12:10 Horse Collar
13:23 Padded Archer Armor
18:28 Loom
20:55 Husbandry
23:17 Bloodlines
22:56 Town Watch
taki英语课睡觉
7:12 Feudal Age
11:40 Castle Age
15:34 Imperial Age
13:12 Double-Bit Axe
14:30 Bow Saw
15:12 Gold Mining
以前我带你们游牧
7:03 Feudal Age
10:42 Castle Age
8:44 Horse Collar
8:55 Double-Bit Axe
9:18 Horse Collar
12:09 Bow Saw
12:36 Heavy Plow
15:51 Fervor
16:55 Wheelbarrow
18:42 Hand Cart
24:32 Imperial Age
24:39 Imperial Age
21:58 Town Watch
22:08 Loom
24:00 Chemistry
23:43 Masonry
25:19 Padded Archer Armor
26:55 Two-Man Saw
25:35 Houfnice
26:31 Wagenburg Tactics
26:47 Conscription
27:20 Leather Archer Armor
27:42 Siege Engineers
27:49 Fletching
Abate
7:37 Feudal Age
11:21 Castle Age
9:10 Double-Bit Axe
10:26 Horse Collar
13:53 Bow Saw
16:33 Wheelbarrow
15:45 Loom
17:05 Gold Mining
17:05 Crossbowman
18:21 Fletching
19:36 Padded Archer Armor
27:00 Ballistics
Hero
8:05 Feudal Age
11:41 Castle Age
9:36 Double-Bit Axe
9:33 Horse Collar
10:42 Loom
12:12 Wheelbarrow
13:13 Bow Saw
17:56 Stone Mining
18:35 Heavy Plow
24:49 Imperial Age
22:40 Gold Mining
23:13 Fletching
23:51 Bodkin Arrow
23:19 Crossbowman
24:35 Thumb Ring
25:56 Ballistics
25:07 Arbalester
25:57 Bracer
27:14 Conscription
27:38 Padded Archer Armor
Firestorm1043
7:45 Feudal Age
9:24 Double-Bit Axe
12:32 Castle Age
11:14 Horse Collar
11:52 Scale Barding Armor
11:59 Forging
11:42 Gold Mining
13:26 Loom
16:49 Wheelbarrow
17:07 Bloodlines
19:34 Chain Barding Armor
22:49 Husbandry
Connection lost

Rejoining the realm…

Still unreachable

The connection could not be restored.

Session expired

The server has moved on; the page needs a fresh start.